Map: Dusk Towers

Players

HolyHit

  • Race: Protoss Protoss
  • League: Grandmaster

Probe - Winner!

  • Race: Protoss Protoss
  • League: Master

Event: DreamHack ZOWIE Open Leipzig

VOD

Have the link to the VOD?

Description

Time

  • Played on: Jan. 22, 2016, 7:36 a.m.
  • Length: 5:07

All games in this series

Show
View Real Time Build Order
Export as new Build Order

HolyHit Protoss 

Build Orders: Nexus First 

Get SALT Encoding   

  12  0:03  Probe (Chrono Boost)  
  13  0:13  Probe (Chrono Boost)  
  14  0:17  Pylon  
  14  0:24  Probe (Chrono Boost)  
  16  0:36  Probe (Chrono Boost)  
  16  0:46  Probe (Chrono Boost)  
  17  0:58  Nexus  
  17  1:02  Probe (Chrono Boost)  
  18  1:14  Gateway  
  18  1:16  Probe (Chrono Boost)  
  19  1:22  Assimilator  
  19  1:27  Probe (Chrono Boost)  
  19  1:30  Assimilator  
  20  1:37  Probe (Chrono Boost)  
  21  1:43  Gateway  
  21  1:48  Probe (Chrono Boost)  
  22  1:58  Probe (Chrono Boost)  
  23  2:01  Cybernetics Core  
  23  2:10  Probe (Chrono Boost)  
  23  2:11  Probe (Chrono Boost)  
  25  2:21  Probe x2 (Chrono Boost)  
  27  2:31  Probe (Chrono Boost)  
  27  2:33  Probe (Chrono Boost)  
  29  2:37  Stalker x2 (Chrono Boost)  
  29  2:43  Mothership Core  
  35  2:45  Probe  
  35  2:47  Warp Gate (Chrono Boost)  
  36  2:53  Pylon  
  36  2:57  Probe  
  37  3:04  Probe  
  38  3:12  Probe  
  39  3:16  Probe, Stargate  
  40  3:22  Stalker (Chrono Boost)  
  40  3:24  Probe  
  40  3:28  Probe  
  40  3:31  Stalker (Chrono Boost)  
  43  3:35  Pylon  
  43  3:36  Probe  
  44  3:45  Probe  
  45  3:55  Probe  
  46  3:56  Gateway  
  46  3:58  Gateway  
  46  4:01  Phoenix  
  46  4:02  Probe  
  49  4:07  Probe  
  50  4:14  Probe  
  49  4:23  Probe  
  48  4:26  Phoenix  
  48  4:28  Probe  
  48  4:35  Probe  
  49  4:41  Probe  
  50  4:49  Probe  
  54  5:02  Pylon  
Show
View Real Time Build Order
Export as new Build Order

Probe Protoss - Winner!

Build Orders: Oracle Opening, Dark Templar Rush 

Get SALT Encoding   

  13  0:08  Pylon  
  13  0:13  Probe (Chrono Boost)  
  13  0:31  Probe (Chrono Boost)  
  13  0:32  Gateway  
  14  0:42  Probe (Chrono Boost), Assimilator  
  15  0:52  Probe (Chrono Boost)  
  15  0:54  Assimilator  
  16  1:03  Probe (Chrono Boost)  
  17  1:13  Probe (Chrono Boost)  
  18  1:19  Cybernetics Core  
  18  1:24  Probe (Chrono Boost)  
  19  1:34  Probe (Chrono Boost)  
  19  1:38  Pylon  
  20  1:43  Pylon  
  20  1:45  Probe (Chrono Boost)  
  21  1:56  Stargate  
  21  2:06  Twilight Council  
  21  2:10  Warp Gate (Chrono Boost)  
  21  2:14  Probe  
  22  2:26  Probe  
  23  2:39  Probe  
  23  2:40  Oracle (Chrono Boost)  
  27  2:49  Pylon  
  27  3:03  Dark Shrine  
  27  3:08  Gateway  
  27  3:30  Nexus  
  28  3:35  Oracle (Chrono Boost)  
  29  3:50  Probe  
  30  4:02  Probe  
  31  4:14  Probe  
  32  4:19  Dark Templar  
  34  4:26  Probe  
  34  4:29  Pylon  
  35  4:38  Probe (Chrono Boost)  
  36  4:40  Pylon  
  36  4:41  Pylon  
  36  4:43  Probe (Chrono Boost)  
  37  4:49  Probe (Chrono Boost)  
  38  4:54  Probe (Chrono Boost)  
  38  4:55  Dark Templar  

Tags
 
Add a new tag
Caveats
  • Supply blocks, unpowered buildings, or Contaminate may cause inaccurate times.
  • Supply counts are checked every 10 seconds.